 Dungeon Crawl Stone Soup version 0.29-a0-563-g64e4043184 (webtiles) character file.

Game seed: 11415003040385673654

986 Sabo the Slasher (level 8, 0/56 HPs)
             Began as a Djinni Gladiator on June 11, 2022.
             Was an Elder of Nemelex Xobeh.
             Slain by a bog mummy (8 damage)
             ... in an ossuary.
             The game lasted 00:29:20 (6950 turns).

Sabo the Slasher (Djinni Gladiator)                 Turns: 6950, Time: 00:29:21

Health: 0/56       AC:  6    Str: 15    XL:     8   Next: 41%
Gold:   289        EV: 13    Int: 10    God:    Nemelex Xobeh [****..] SH:  0 Dex: 15

rFire   + + .      SeeInvis .   g - +9 rapier "Meanode" {flame, rC+ Stlth+}
rCold   + . .      Faith    .   (no shield)
rNeg    . . .      Spirit   .   b - +0 leather armour
rPois   ∞          Reflect  .   c - +0 helmet
rElec   .          Harm     .   h - +0 cloak
rCorr   .          Rampage  .   C - +0 pair of gloves
Will    .....                   (boots unavailable)
Stlth   +++.......              (no amulet)
HPRegen 0.18/turn               q - ring of protection from cold
MPRegen 0.00/turn               (no ring)

@: flying
A: sickness immunity, fire resistance 2, cold vulnerability 1, float, innate
caster, HP casting, extra vitality 1
a: Renounce Religion, Draw Escape, Draw Destruction, Draw Summoning, Triple
Draw, Deal Four


You were in an ossuary.
You worshipped Nemelex Xobeh.
Nemelex Xobeh was greatly pleased with you.
You visited 1 branch of the dungeon, and saw 6 of its levels.
You also visited: Ossuary.

You collected 289 gold pieces.

Inventory:

Hand Weapons
 g - the +9 rapier "Meanode" (weapon) {flame, rC+ Stlth+}
   (You acquired it on level 3 of the Dungeon)

   It burns those it strikes, dealing additional fire damage.
   rC:        It protects you from cold.
   Stlth:     It makes you more stealthy.
 k - a +0 hunting sling
 y - a +0 spectral quarterstaff
Missiles
 d - 4 throwing nets (quivered)
 e - a javelin
 x - 6 poisoned darts
Armour
 b - a +0 leather armour (worn)
 c - a +0 helmet (worn)
 h - a +0 cloak (worn)
 z - a +1 scale mail of poison resistance
 C - a +0 pair of gloves (worn)
Jewellery
 q - a ring of protection from cold (left hand)
Scrolls
 j - 2 scrolls of silence
 l - a scroll of fear
 m - a scroll of brand weapon
 r - a scroll of enchant weapon {unknown}
 s - 2 scrolls of summoning
 t - a scroll of teleportation
 u - a scroll of noise {unknown}
Potions
 a - 2 potions of might {unknown}
 f - a potion of cancellation {unknown}
 i - 2 potions of haste
 n - a potion of degeneration {unknown}
 o - a potion of flight {unknown}
 p - a potion of berserk rage {unknown}
 v - 3 potions of curing {unknown}
 w - a potion of resistance {unknown}
 A - a potion of magic {unknown}
 B - a potion of ambrosia {unknown}


   Skills:
 + Level 3.2 Fighting
 + Level 4.0(5.1) Short Blades
 + Level 4.8(5.5) Long Blades
 + Level 1.6 Throwing
 + Level 3.4 Armour
 + Level 4.3 Dodging
 + Level 2.8 Stealth
 + Level 0.8 Spellcasting


You had 3 spell levels left.
You knew the following spells:

 Your Spells              Type           Power      Damage    Failure   Level
a - Beastly Appendage     Tmut           4%         N/A       30%         1
b - Searing Ray           Conj           4%         2d4       43%         2
c - Static Discharge      Conj/Air       2%         N/A       43%         2
Your spell library was empty.

Dungeon Overview and Level Annotations

Branches:
Dungeon (6/15)            Ossuary (1/1)
 Temple: D:4-7

Altars:
Nemelex Xobeh


Innate Abilities, Weirdness & Mutations

You are immune to sickness and miasma.
You are immune to poison.
Your flesh is very heat resistant. (rF++)
You are vulnerable to cold. (rC-)
You float through the air rather than walking.
You learn spells naturally, not from books.
Your magical power is your life essence.
You have superior vitality. (+4 MHP)


Message History

You puncture the centaur zombie! You burn the centaur zombie.
You destroy the centaur zombie!
The bullfrog zombie hits you.
The howler monkey zombie hits you but does no damage.
The bog mummy hits you.
Your base Short Blades skill increases to level 4!
The bullfrog zombie misses you.
The howler monkey zombie barely misses you.
You puncture the howler monkey zombie! You burn the howler monkey zombie.
The howler monkey zombie is moderately damaged.
The bullfrog zombie hits you. The howler monkey zombie misses you.
The bullfrog zombie barely misses you.
You barely miss the howler monkey zombie.
The howler monkey zombie is moderately damaged.
The bullfrog zombie misses you.
The howler monkey zombie closely misses you.
You puncture the howler monkey zombie! You burn the howler monkey zombie.
You destroy the howler monkey zombie!
The bullfrog zombie hits you.
The bog mummy points at you and mumbles some strange words.
The puff of frost hits you. You resist.
You puncture the bullfrog zombie! You burn the bullfrog zombie.
The bullfrog zombie is moderately damaged.
The bullfrog zombie closely misses you. The bullfrog zombie hits you.
You hit the bullfrog zombie. You burn the bullfrog zombie.
You punch the bullfrog zombie, but do no damage.
The bullfrog zombie is moderately damaged.
The bog mummy barely misses you. The bullfrog zombie hits you.
You puncture the bullfrog zombie! You burn the bullfrog zombie.
The bullfrog zombie is severely damaged.
The bullfrog zombie hits you. The bog mummy hits you!
* * * LOW HITPOINT WARNING * * *
You puncture the bullfrog zombie! You burn the bullfrog zombie.
The bullfrog zombie is almost destroyed.
The bullfrog zombie closely misses you.
You puncture the bullfrog zombie! You burn the bullfrog zombie.
You destroy the bullfrog zombie!
The bog mummy hits you!
You die...
Your body disappears without a glow.

+.# #≈# #≈# +≈+ +.≈
#≈#####≈# +≈#..∩#≈#
#≈≈.∩.#.# +.#...#≈#
###≈#####≈#####≈≈#
#P≈≈≈≈≈.≈.@≈≈.≈≈..
###.≈.#.≈M#.≈.≈≈≈#
#≈≈≈≈≈≈.≈.#.#P≈.≈.#P#≈
#≈≈##≈≈###≈≈##≈#≈≈≈≈#
≈≈≈## #≈#≈≈#≈≈≈≈#≈#
### #≈≈###≈###≈#≈# # #
#≈ #≈≈≈ # #≈


You could see a bog mummy.

Vanquished Creatures
  An ogre (D:5)
  2 howler monkeys (D:5)
  A centaur zombie (Ossuary)
  2 bullfrog zombies (Ossuary)
  4 hounds (D:5)
  An orc priest (D:3)
  A jelly (D:4)
  2 mummies (Ossuary)
  Jessica (D:3)
  An iguana (D:4)
  An orc wizard (D:3)
  A howler monkey zombie (Ossuary)
  22 gnolls
  3 adders
  2 worms (D:2)
  4 dart slugs
  31 orcs
  5 ball pythons
  8 endoplasms
  2 giant cockroaches
  6 goblins
  7 hobgoblins
  16 jackals
  4 kobolds
  2 quokkas
  4 bats
  4 frilled lizards
  3 rats
141 creatures vanquished.

Vanquished Creatures (collateral kills)
  An orc priest (D:2)
  2 orcs (D:2)
  A hobgoblin (D:2)
4 creatures vanquished.

Vanquished Creatures (others)
  3 plants (D:5)
  8 withered plants (Ossuary)
11 creatures vanquished.

Grand Total: 156 creatures vanquished

Notes
Turn   | Place    | Note
-------+----------+-------------------------------------------
     0 | D:1      | Sabo the Djinni Gladiator began the quest for the Orb.
     0 | D:1      | Reached XP level 1. HP: 18/18 MP: 0/0
    46 | D:1      | Found a faded altar of an unknown god.
    53 | D:1      | Prayed at the altar of an unknown god.
    53 | D:1      | Became a worshipper of Nemelex Xobeh the Trickster
    53 | D:1      | Reached * piety under Nemelex Xobeh
   173 | D:1      | Reached XP level 2. HP: 23/23 MP: 0/0
  1023 | D:1      | Reached XP level 3. HP: 28/28 MP: 0/0
  1023 | D:1      | Learned a level 1 spell: Beastly Appendage
  1536 | D:2      | Received a gift from Nemelex Xobeh
  1875 | D:2      | Reached XP level 4. HP: 33/33 MP: 0/0
  2133 | D:2      | Reached ** piety under Nemelex Xobeh
  2541 | D:3      | Reached skill level 1 in Armour
  2541 | D:3      | Reached XP level 5. HP: 25/38 MP: 0/0
  2541 | D:3      | Learned a level 2 spell: Searing Ray
  3230 | D:3      | Noticed Jessica
  3239 | D:3      | Killed Jessica
  3321 | D:3      | Reached skill level 1 in Stealth
  3511 | D:3      | Received a gift from Nemelex Xobeh
  3729 | D:3      | Identified a scroll of acquirement
  3729 | D:3      | Acquired the +9 rapier "Meanode" {flame, rC+ Stlth+}
  3948 | D:4      | Reached XP level 6. HP: 28/43 MP: 0/0
  4074 | D:4      | Reached *** piety under Nemelex Xobeh
  4366 | D:4      | Received a gift from Nemelex Xobeh
  4887 | D:5      | Entered Level 5 of the Dungeon
  4887 | D:5      | Received a gift from Nemelex Xobeh
  4972 | D:5      | Reached XP level 7. HP: 49/49 MP: 0/0
  4972 | D:5      | Learned a level 2 spell: Static Discharge
  5037 | D:5      | Found a sparkling altar of Nemelex Xobeh.
  5315 | D:5      | Reached skill level 1 in Short Blades
  5412 | D:5      | Reached **** piety under Nemelex Xobeh
  6142 | D:5      | Reached XP level 8. HP: 55/55 MP: 0/0
  6886 | D:6      | Found a sand-covered staircase.
  6896 | Ossuary  | Entered an ossuary
  6950 | Ossuary  | Slain by a bog mummy

Illustrated notes

Levels and vault maps discovered:
D:1:      tarquinn_simple_flora_water_b, layout_basic,
          chequers_ecumenical_altar_simple_redux
D:2:      minmay_general_purpose_star, layout_basic, minmay_misc_feat_alley,
          st_stairs_5
D:3:      layout_basic, minmay_misc_feat_secret_circle, uniq_jessica
D:4:      layout_basic, minivault_25
D:5:      lemuel_castle_with_subvaults [lemuel_castle_interior_carwin_1],
          layout_basic, mainiacjoe_overflow_concentric_impassable
D:6:      layout_loops_corners, nicolae_ossuary_entry_ruins, uniq_blork_the_orc
Ossuary:  ossuary_zaba_flooded

Skill      XL: |  1  2  3  4  5  6  7  8 |
---------------+-------------------------+-----
Long Blades    | 3 4 |  4.8
Armour         | 1 2 3 |  3.4
Stealth        | 1 2 |  2.8
Short Blades   | 2 4 |  4.0
Dodging        | 4 |  4.3
Fighting       | 3 |  3.2
Throwing       | |  1.6
Spellcasting   | |  0.8

Action                   |  1- 3 |  4- 6 |  7- 9 || total
-------------------------+-------+-------+-------++-------
Melee: Long sword        |   110 |    47 |       ||   157
       Rapier            |       |    36 |   184 ||   220
       Punch             |       |       |     2 ||     2
 Cast: Beastly Appendage |       |     1 |       ||     1
       Static Discharge  |       |       |     1 ||     1
Invok: Draw Destruction  |       |     1 |       ||     1
       Draw Summoning    |       |     1 |       ||     1
  Use: Scroll            |       |     5 |     1 ||     6
 Stab: Sleeping          |     1 |     3 |     1 ||     5
Armor: Leather armour    |    12 |    10 |    34 ||    56
       Chain mail        |    30 |       |       ||    30
Dodge: Dodged            |    66 |    47 |   138 ||   251

Table legend: (Time is in decaauts)
 A = Elapsed time spent in this place.
 B = Non-inter-level travel time spent in this place.
 C = Inter-level travel time spent in this place.
 D = Time resting spent in this place.
 E = Time spent auto-exploring this place.
 F = Levels seen in this place.
 G = Mean time per level.
                   A        B        C        D        E       F      G
               +--------+--------+--------+--------+--------+-----+--------+
         Total |   6990 |   6990 |      0 |   1960 |      0 |   7 |  998.6 |
       Dungeon |   6937 |   6937 |      0 |   1945 |      0 |   6 | 1156.2 |
       Ossuary |     53 |     53 |      0 |     15 |      0 |   1 |   53.0 |
               +--------+--------+--------+--------+--------+-----+--------+

Top non-repeatable levels by time:
     D:5: 1984 daAuts
     D:2: 1361 daAuts
     D:3: 1266 daAuts
     D:1: 1152 daAuts
     D:4: 1149 daAuts
 Ossuary: 53 daAuts
     D:6: 24 daAuts
